 Dungeon Crawl Stone Soup version 0.24-a0-520-g8fd06ad0bc (webtiles) character file.

Game seed: 5359628979242754560

44121 Gargoyl the Corrupter of Planes (level 13, 0/107 HPs)
             Began as a Centaur Abyssal Knight on July 26, 2019.
             Was the Champion of Lugonu.
             Slain by Rupert
             ... wielding a +4 great mace of crushing
              (4 damage)
             ... while paralysed by Rupert
             ... on level 13 of the Dungeon.
             The game lasted 00:35:43 (23322 turns).

Gargoyl the Corrupter of Planes (CeAK)             Turns: 23322, Time: 00:35:44

Health: 0/107      AC: 17    Str: 18    XL:     13   Next: 94%
Magic:  21/21      EV:  1    Int: 11    God:    Lugonu [******]
Gold:   1138       SH:  0    Dex: 11    Spells: 12/12 levels left

rFire    . . .     SeeInvis .   z - +8 demon trident "Rift" {distort, reach+}
rCold    . . .     Gourm    .   H - +0 shield
rNeg     . . .     Faith    .   s - +0 chain mail
rPois    +         Spirit   .   n - +0 helmet
rElec    .         Reflect  .   J - +2 cloak
rCorr    .         Harm     .   p - +0 pair of gloves
MR       .....                  (no barding)
Stlth    ..........             (no amulet)
HPRegen  0.27/turn              d - +5 ring of slaying
MPRegen  0.17/turn              w - ring of poison resistance

@: paralysed, very quick
A: large, hooves 3, deformed body, speed 2, screaming 1, tough skin 3
a: Depart the Abyss, Bend Space, Banish, Corrupt, Enter the Abyss, Brand Weapon
With Distortion, Renounce Religion


You were on level 13 of the Dungeon.
You worshipped Lugonu.
Lugonu was exalted by your worship.
You were not hungry.

You visited 2 branches of the dungeon, and saw 19 of its levels.
You visited the Abyss 1 time.

You collected 1246 gold pieces.
You spent 108 gold pieces at shops.

Inventory:

Hand Weapons
 a - a +4 hand axe
 f - a +3 hand axe of draining
 z - the +8 demon trident "Rift" (weapon) {distort, reach+}
   (You found it on level 8 of the Dungeon)

   It warps and distorts space around it.
   Unwielding it can cause banishment or high damage.
Missiles
 k - 14 boomerangs (quivered)
 t - 3 javelins
Armour
 n - a +0 helmet (worn)
 p - a +0 pair of gloves (worn)
 s - a +0 chain mail (worn)
 H - a +0 shield (worn)
 J - a +2 cloak (worn)
Jewellery
 d - a +5 ring of slaying (left hand)
 i - an uncursed ring of protection from cold
 o - an uncursed ring of see invisible
 w - a ring of poison resistance (right hand)
 G - a +5 ring of dexterity
Wands
 g - a wand of digging (3)
 l - a wand of iceblast (43)
 r - a wand of flame (64)
 u - a wand of enslavement (4)
 v - a wand of disintegration (9)
 A - a wand of acid (18)
 D - a wand of scattershot (5)
Scrolls
 e - 3 scrolls of magic mapping
 q - 4 scrolls of teleportation
 y - 5 scrolls of identify
 B - a scroll of fog
 E - 2 scrolls of fear
 F - 7 scrolls of remove curse
 I - a scroll of blinking
Potions
 b - 7 potions of agility
 h - 6 potions of flight
 j - a potion of might
 m - 3 potions of heal wounds
 x - 4 potions of haste
 C - a potion of brilliance
 K - a potion of curing
 L - a potion of mutation {unknown}
Comestibles
 c - 35 rations


   Skills:
 + Level 8.2 Fighting
 + Level 6.3(9.0) Axes
 + Level 10.0(10.7) Polearms
 + Level 3.4 Throwing
 * Level 10.4 Armour
 * Level 7.4 Dodging
 + Level 2.2 Shields
 * Level 11.1 Invocations
 + Level 0.5 Evocations


You had 12 spell levels left.
You didn't know any spells.
Your spell library contained the following spells:

 Spells                   Type           Power        Failure   Level  Hunger
 Beastly Appendage        Tmut           #.....       100%        1    ##.....
 Corona                   Hex            #......      100%        1    ##.....
 Sting                    Conj/Pois      #...         100%        1    ##.....
 Ensorcelled Hibernation  Hex/Ice        #.....       100%        2    ###....
 Poisonous Vapours        Pois/Air       #.....       100%        2    ###....
 Sticks to Snakes         Tmut           #.......     100%        2    ###....
 Confuse                  Hex            #.......     100%        3    ####...
 Conjure Flame            Conj/Fire      #.......     100%        3    ####...
 Dazzling Spray           Conj/Hex       #.....       100%        3    ####...
 Mephitic Cloud           Conj/Pois/Air  #.......     100%        3    ####...
 Spider Form              Tmut/Pois      #.........   100%        3    ####...
 Tukima's Dance           Hex            #.......     100%        3    ####...
 Ice Form                 Ice/Tmut       #.......     100%        4    #####..
 Olgreb's Toxic Radiance  Pois           #.......     100%        4    #####..
 Blade Hands              Tmut           #.........   100%        5    ######.
 Venom Bolt               Conj/Pois      #.........   100%        5    ######.
 Freezing Cloud           Conj/Ice/Air   #.........   100%        6    #######
 Ring of Flames           Chrm/Fire      #.........   100%        7    #######


Dungeon Overview and Level Annotations

Branches:
Dungeon (13/15)            Temple (0/1) D:4            Lair (6/6) D:10
 Shoals (0/4) Lair:4       Spider (0/4) Lair:2        Slime (0/5) Lair:5
    Orc (0/2) D:12
 Vaults: D:13-14

Altars:
Ashenzari
Dithmenos
Hepliaklqana
Nemelex Xobeh
Ru
Sif Muna
Xom
The Shining One

Shops:
D:4 }   D:5 [

Portals:
Trove: D:11 (give 13 potions of heal wounds)

Annotations:
D:13 Rupert
Abyss:1 Gastronok, Joseph, Psyche


Innate Abilities, Weirdness & Mutations

You have hooves in place of feet.
Armour fits poorly on your strangely shaped body.
You cover ground very quickly.
You have extremely tough skin. (AC +3)
You occasionally shout uncontrollably at your foes.


Message History

You puncture the wyvern!
You kill the wyvern!
Lugonu accepts your kill.
Rupert says, "My Mum always said: 'Kill them all.'" Rupert roars wildly at you.
You suddenly lose the ability to move!
The ogre hits you with a +0 giant club. Rupert roars wildly at you.
You struggle to resist.
You feel less confused. The ogre hits you with a +0 giant club.
Rupert roars madly and goes into a rage!
Rupert goes berserk!
The ogre hits you with a +0 giant club!
Rupert hits you with a +4 great mace of crushing!!
* * * LOW HITPOINT WARNING * * *
x2 The ogre barely misses you.
Rupert hits you with a +4 great mace of crushing!
* * * LOW HITPOINT WARNING * * *
You die...

#. #.# # #.# .##
##.# ... ..#
####.##.# #####
......#.########...#
#..O@...........# #
####@########...#
#.# #.# ##.## #.[
#.# #.# #### #.#
####.###... #.#
#..>......# #..
#.#######.# #.# #
#.# #.# #.. #..


You could see Rupert (berserk) and an ogre.

Vanquished Creatures
  Harold (D:7)
  3 hydras
  3 death yaks (D:9)
  3 two-headed ogres
  A wizard (D:12)
  An oklob plant (Lair:5)
  An ugly thing (D:12)
  5 black mambas
  2 molten gargoyles (Lair:6)
  10 spiny frogs
  2 gargoyles
  3 rime drakes
  A kobold demonologist (D:12)
  7 komodo dragons
  A merfolk (D:9)
  3 polar bears (Lair:6)
  3 hornets
  5 blink frogs (Lair:4)
  2 trolls
  Grinder (D:5)
  7 hippogriffs
  A snapping turtle (Lair:4)
  3 redbacks (Lair:2)
  A vampire (D:12)
  35 yaks
  8 wyverns
  A wraith (D:12)
  4 basilisks
  3 steam dragons
  3 vampire mosquitoes (D:11)
  A warg (D:12)
  3 hell hounds (Lair:6)
  8 porcupines
  12 water moccasins
  7 orc warriors
  2 phantoms
  7 ice beasts
  A black bear (D:11)
  A necrophage (D:7)
  2 wolves (Lair:6)
  3 sky beasts
  5 ogres
  8 centaurs
  A big kobold (D:12)
  9 crocodiles
  16 bullfrogs
  A water moccasin skeleton (D:7)
  6 scorpions
  9 killer bees
  9 wights
  2 howler monkeys
  An electric eel (D:10)
  6 crimson imps
  3 centaur zombies
  3 lava snakes (Lair:6)
  A quasit (D:6)
  7 hounds
  7 jellies
  7 orc priests
  2 bullfrog skeletons
  16 orc wizards
  2 hell rats (D:10)
  3 iguanas (D:7)
  2 worker ants
  A killer bee zombie (D:6)
  A hound skeleton (D:6)
  Robin (D:2)
  4 gnolls (D:9)
  4 river rats (D:10)
  13 adders
  A shadow imp (D:10)
  An ooze (Lair:5)
  An adder skeleton (D:7)
  3 worms (D:2)
  A dart slug (D:5)
  6 leopard geckos
  42 orcs
  A ball python (D:1)
  9 bats
  5 giant cockroaches
  14 goblins
  12 hobgoblins
  5 jackals
  7 quokkas
  4 frilled lizards
  10 kobolds
  2 leopard gecko skeletons
  A quokka zombie (D:5)
  4 rats
450 creatures vanquished.

Vanquished Creatures (others)
  A hydra (Lair:1)
  A lindwurm (Lair:6)
  An ugly thing (D:13)
  A black mamba (Lair:3)
  A spiny frog (Lair:6)
  A komodo dragon (Lair:3)
  2 hippogriffs
  3 yaks
  2 wyverns
  3 basilisks (Lair:6)
  A porcupine (Lair:2)
  A water moccasin (Lair:1)
  A crocodile (Lair:6)
  A centaur (D:11)
  3 killer bees
  A lava snake (Lair:6)
  A bullfrog skeleton (D:9)
  An orc (D:12)
  10 fungi
  7 plants
43 creatures vanquished.

Grand Total: 493 creatures vanquished

Notes
Turn   | Place    | Note
-------+----------+-------------------------------------------
     0 | Abyss:1  | Gargoyl the Centaur Abyssal Knight began the quest for the
                  | Orb.
     0 | Abyss:1  | Reached XP level 1. HP: 19/19 MP: 2/2
    29 | Abyss:2  | Got a transparent scale mail
    40 | Abyss:2  | Identified the +1 scale mail of Wuogg {*Contam +Fly Str+8
                  | Dex-4} (You found it on level 2 of the Abyss)
    42 | Abyss:2  | Noticed a blizzard demon
    43 | D:1      | Escaped the Abyss
    93 | D:1      | Gained mutation: You occasionally shout uncontrollably at
                  | your foes. [mutagenic glow]
   266 | D:1      | Reached XP level 2. HP: 24/26 MP: 3/3
   267 | D:1      | Reached * piety under Lugonu
   877 | D:2      | Reached skill level 1 in Dodging
   906 | D:2      | Reached XP level 3. HP: 31/31 MP: 4/4
   969 | D:2      | Reached XP level 4. HP: 7/40 MP: 5/5
  1294 | D:2      | Noticed Robin
  1313 | D:2      | Killed Robin
  1323 | D:2      | Found a sparkling altar of Nemelex Xobeh.
  1330 | D:2      | Reached ** piety under Lugonu
  2021 | D:2      | Found a glowing golden altar of the Shining One.
  2021 | D:2      | Found a shimmering altar of Xom.
  2274 | D:3      | Reached XP level 5. HP: 43/46 MP: 7/7
  2806 | D:4      | Reached skill level 1 in Throwing
  2806 | D:4      | Reached skill level 3 in Invocations
  3016 | D:4      | Noticed an ogre
  3020 | D:4      | Killed an ogre
  3020 | D:4      | Reached XP level 6. HP: 52/52 MP: 8/8
  3083 | D:4      | Found a sacrificial altar of Ru.
  3179 | D:4      | Found a shattered altar of Ashenzari.
  3203 | D:4      | Found a staircase to the Ecumenical Temple.
  3396 | D:4      | Found Plog's Gadget Shop.
  3577 | D:4      | Found a deep blue altar of Sif Muna.
  3691 | D:5      | Entered Level 5 of the Dungeon
  3714 | D:5      | Noticed Grinder
  3807 | D:5      | Paralysed by Grinder for 7 turns
  3812 | D:5      | HP: 2/52 [Grinder/nerve-wracking pain (7)]
  3815 | D:5      | Paralysed by Grinder for 4 turns
  3818 | D:5      | HP: 1/52 [Grinder (2)]
  3831 | D:5      | Killed Grinder
  3831 | D:5      | Reached XP level 7. HP: 40/59 MP: 9/9
  4024 | D:5      | Reached *** piety under Lugonu
  4055 | D:5      | Found Asomyin's Armour Emporium.
  4061 | D:5      | Bought a +0 buckler for 54 gold pieces
  4061 | D:5      | Bought a +0 pair of gloves for 54 gold pieces
  4470 | D:5      | Reached skill level 4 in Invocations
  4471 | D:5      | Found a shadowy altar of Dithmenos.
  4662 | D:6      | Reached XP level 8. HP: 66/66 MP: 11/11
  5531 | D:7      | Reached skill level 5 in Armour
  5541 | D:7      | Reached skill level 5 in Invocations
  5598 | D:7      | Reached skill level 5 in Axes
  6018 | D:7      | Reached XP level 9. HP: 70/71 MP: 12/12
  6182 | D:7      | Found a hazy altar of Hepliaklqana.
  6270 | D:7      | Noticed Joseph
  6277 | D:7      | Banished Joseph
  6688 | D:8      | Found the +8 demon trident "Rift" {distort, reach+}
  6690 | D:8      | Noticed Harold
  6907 | D:7      | Killed Harold
  6907 | D:7      | Reached skill level 5 in Fighting
  6907 | D:7      | Reached skill level 6 in Invocations
  7258 | D:8      | Noticed Psyche
  7266 | D:8      | Banished Psyche
  7510 | D:8      | Reached XP level 10. HP: 59/81 MP: 13/15
  7888 | D:8      | Noticed Gastronok
  7893 | D:8      | Banished Gastronok
  7893 | D:8      | Reached skill level 7 in Invocations
  8385 | D:9      | Reached skill level 1 in Shields
  8668 | D:9      | Reached skill level 1 in Polearms
  8750 | D:9      | Reached **** piety under Lugonu
  9123 | D:9      | Noticed a seven-headed hydra
  9130 | D:9      | Killed a seven-headed hydra
  9130 | D:9      | Reached skill level 5 in Dodging
  9531 | D:10     | Entered Level 10 of the Dungeon
  9532 | D:10     | Noticed a death yak
  9533 | D:10     | Noticed a death yak
  9563 | D:9      | Killed a death yak
  9563 | D:9      | Reached XP level 11. HP: 56/89 MP: 16/16
  9590 | D:9      | Killed a death yak
  9817 | D:10     | Noticed a death yak
  9832 | D:9      | Killed a death yak
 10144 | D:10     | Paralysed by a hornet for 2 turns
 10147 | D:10     | Reached skill level 8 in Invocations
 10600 | D:10     | Found a staircase to the Lair.
 10619 | D:10     | Reached ***** piety under Lugonu
 10672 | D:10     | Reached skill level 5 in Polearms
 11576 | Lair:1   | Entered Level 1 of the Lair of Beasts
 12029 | Lair:1   | Noticed a six-headed hydra
 12034 | Lair:1   | Banished a six-headed hydra
 12809 | Lair:2   | Found a hole to the Spider Nest.
 13438 | Lair:3   | Reached XP level 12. HP: 77/97 MP: 18/18
 14572 | Lair:4   | Reached skill level 9 in Invocations
 15450 | Lair:4   | Found a staircase to the Shoals.
 15729 | Lair:4   | Got a bloodstained scale mail
 16195 | Lair:5   | Found a staircase to the Slime Pits.
 16242 | Lair:5   | Identified the cursed +1 scale mail of Dogmatism {rC-
                  | Regen+ Int+4 Dex+4} (You found it on level 4 of the Lair of
                  | Beasts)
 16817 | Lair:6   | Entered Level 6 of the Lair of Beasts
 17108 | Lair:6   | Reached skill level 10 in Invocations
 17230 | Lair:6   | Reached ****** piety under Lugonu
 17791 | Lair:6   | Reached XP level 13. HP: 105/105 MP: 20/20
 18481 | Lair:6   | Found a large runed translucent door.
 18481 | Lair:6   | Found a large runed translucent door.
 18708 | Lair:6   | Noticed a fire dragon
 19477 | Lair:6   | Reached skill level 10 in Armour
 21847 | D:11     | Found a portal to a secret trove of treasure.
 22470 | D:12     | Reached skill level 11 in Invocations
 22981 | D:12     | Found a staircase to the Orcish Mines.
 23262 | D:13     | Reached skill level 10 in Polearms
 23311 | D:13     | Noticed Rupert
 23316 | D:13     | Paralysed by Rupert for 6 turns
 23322 | D:13     | HP: 4/107 [Rupert/+4 great mace of crushing (14)]
 23322 | D:13     | Slain by Rupert

Levels and vault maps discovered:
D:1:      tarquinn_simple_flora_water_f, layout_basic, skrybe_limestone_x
D:2:      layout_loops_cross, gammafunk_temple_overflow_pools,
          lemuel_doored_altar, kennysheep_generic_room_12, uniq_robin
D:3:      layout_basic, serial_corexii_hall, corexii_hall_statues_l,
          chequers_hall_statues_corner_a, corexii_hall_statues_t
D:4:      layout_cave_pods, led_sif_book, nicolae_ru_the_path_less_chosen,
          minmay_temple_entry_stoned_glass, serial_shops, kennysheep_little_box,
          lemuel_altar_in_water
D:5:      layout_basic, marbit_many_paths, first_ration, serial_shops,
          nicolae_shop_trees, uniq_grinder
D:6:      layout_cave_pools, eino_tiny_chamber
D:7:      layout_loops_ring, basic_altar, uniq_joseph
D:8:      layout_loops_ring, uniq_psyche, uniq_gastronok, uniq_harold
D:9:      layout_loops_ring, hangedman_fish_farm, roderic_serpentine_path
D:10:     layout_basic, dpeg_lair_monsters
D:11:     layout_basic, nicolae_trove_entry_crystal
D:12:     layout_cave_pools, david_orc_1_choice
D:13:     layout_loops_ring, david_vaults_5, uniq_nessos, uniq_rupert,
          uniq_josephine
Lair:1:   layout_regular_city
Lair:2:   layout_long_grid, spider_nest_entry_webs,
          nicolae_quartered_pool_medium
Lair:3:   layout_roguey, grunt_megastairs_4
Lair:4:   layout_gridlike, minmay_shoals_entry_hut, serial_bayou_pond_a,
          serial_bayou_crossing, serial_bayou_shore_b, lemuel_fruit_fields
Lair:5:   layout_hall_layers, nicolae_slime_entry_slimehenge,
          cheibrodos_lair_reptile_den
Lair:6:   cheibrodos_lair_end_hotspot, layout_hall_layers,
          portal_ice_cave_entry_animals_and_master, lemuel_fruit_tree

Skill      XL: |  1  2  3  4  5  6  7  8  9 10 11 12 13 |
---------------+----------------------------------------+-----
Axes           | 2 3 4 5 6 |  6.3
Dodging        | 1 2 3 4 5 6 7 |  7.4
Armour         | 2 3 4 5 6 7 8 9 10 | 10.4
Throwing       | 1 2 3 |  3.4
Invocations    | 3 4 5 6 7 8 10 11 | 11.1
Fighting       | 4 5 6 7 8 |  8.2
Shields        | 1 2 |  2.2
Polearms       | 3 6 8 10 | 10.0
Evocations     | |  0.5

Action                   |  1- 3 |  4- 6 |  7- 9 | 10-12 | 13-15 || total
-------------------------+-------+-------+-------+-------+-------++-------
Melee: Hand axe          |    50 |    88 |   205 |       |       ||   343
       Kick              |     8 |    21 |    55 |   100 |    80 ||   264
       Demon trident     |       |       |       |   496 |   377 ||   873
Throw: Boomerang         |       |    55 |     5 |    14 |     4 ||    78
Invok: Depart the Abyss  |     1 |       |       |       |       ||     1
       Banish            |       |       |     5 |     3 |     4 ||    12
       Bend Space        |       |       |       |     1 |       ||     1
Evoke: Wand              |       |     2 |       |       |       ||     2
  Use: Scroll            |     2 |     7 |     7 |    11 |     1 ||    28
       Potion            |       |     9 |     1 |     2 |       ||    12
  Eat: Chunk             |       |     7 |     9 |    23 |    11 ||    50
       Ration            |       |       |     1 |     1 |     2 ||     4
Armor: Leather armour    |    14 |       |       |       |       ||    14
       Ring mail         |    16 |    48 |    47 |       |       ||   111
       Chain mail        |       |       |    18 |   135 |   173 ||   326
       Plate armour      |       |       |    58 |     2 |       ||    60
Dodge: Dodged            |    28 |    50 |    59 |    80 |    60 ||   277
Block: Buckler           |       |       |    22 |    28 |       ||    50
       Shield            |       |       |       |    40 |   126 ||   166

Table legend:
 A = Non-vault XP
 B = Vault XP
 C = Vault XP percentage of total XP
 D = Non-vault monster count
 E = Vault monster count
 F = Vault count percentage of total count
                 A         B        C        D         E       F
            +---------+---------+-------+---------+---------+-------
      Total |   46416 |   16614 |  26.4 |     392 |      88 |  18.3
            +---------+---------+-------+---------+---------+-------
        D:1 |      29 |       0 |   0.0 |      18 |       0 |   0.0
        D:2 |     124 |      39 |  23.9 |      27 |      14 |  34.1
        D:3 |      19 |       0 |   0.0 |      11 |       0 |   0.0
        D:4 |     340 |      75 |  18.1 |      13 |       2 |  13.3
        D:5 |     274 |     327 |  54.4 |      15 |       2 |  11.8
        D:6 |     902 |       0 |   0.0 |      15 |       0 |   0.0
        D:7 |    1185 |    1270 |  51.7 |      28 |       2 |   6.7
        D:8 |     997 |    1431 |  58.9 |      14 |       2 |  12.5
        D:9 |    3515 |    2929 |  45.5 |      31 |       5 |  13.9
       D:10 |    2460 |     126 |   4.9 |      37 |       7 |  15.9
       D:11 |    6980 |       0 |   0.0 |      47 |       0 |   0.0
       D:12 |    5258 |     646 |  10.9 |      33 |       9 |  21.4
       D:13 |     804 |       0 |   0.0 |       3 |       0 |   0.0
     Lair:1 |    2796 |       0 |   0.0 |      12 |       0 |   0.0
     Lair:2 |    1597 |     656 |  29.1 |       7 |       3 |  30.0
     Lair:3 |    3092 |     610 |  16.5 |      13 |       3 |  18.8
     Lair:4 |    5092 |     247 |   4.6 |      21 |       1 |   4.5
     Lair:5 |    2584 |     543 |  17.4 |      15 |       6 |  28.6
     Lair:6 |    8368 |    7715 |  48.0 |      32 |      32 |  50.0
            +---------+---------+-------+---------+---------+-------
